 Dungeon Crawl Stone Soup version 0.31-a0-354-g827e095 (webtiles) character file.

Game seed: 8102022908252264810

53 Dawnplanks the Trooper (level 3, 0/33 HPs)
             Began as a Hill Orc Fighter on July 23, 2023.
             Slain by Robin
             ... wielding a +2 whip of electrocution
              (5 damage)
             ... on level 2 of the Dungeon.
             The game lasted 00:02:00 (904 turns).

Dawnplanks the Trooper (Hill Orc Fighter)            Turns: 904, Time: 00:02:00

Health: 0/33       AC:  6    Str: 20    XL:     3   Next: 87%
Magic:  3/3        EV:  9    Int:  8    God:
Gold:   68         SH:  4    Dex: 10    Spells: 2/2 levels left

rFire   . . .        a - +0 war axe
rCold   . . .        c - +0 buckler
rNeg    . . .        b - +0 scale mail
rPois   .            (no helmet)
rElec   .            (no cloak)
rCorr   .            (no gloves)
SInv    .            (no boots)
Will    .....        f - amulet of regeneration Stlth
                     (no ring)
HPRegen 1.05/turn    (no ring)
MPRegen 0.08/turn

%: no passive effects
@: no status effects
A: no striking features
a: no special abilities


You were on level 2 of the Dungeon.
You visited 1 branch of the dungeon, and saw 2 of its levels.

You collected 68 gold pieces.

Inventory:

Hand Weapons
 a - a +0 war axe (weapon)
Armour
 b - a +0 scale mail (worn)
 c - a +0 buckler (worn)
Jewellery
 f - an amulet of regeneration (around neck)
Scrolls
 e - a scroll of identify {unknown}
 h - a scroll of immolation {unknown}
Potions
 d - a potion of might
 g - a potion of haste {unknown}


   Skills:
 + Level 4.1 Fighting
 + Level 3.8 Axes
 + Level 3.6 Armour
 + Level 0.2 Dodging
 + Level 3.8 Shields


You had 2 spell levels left.
You didn't know any spells.
Your spell library was empty.

Dungeon Overview and Level Annotations

Branches:
Dungeon (2/15)

Altars:

Annotations:
D:2 Robin


Message History

You kill the goblin!
Robin throws the goblin at you! The goblin closely misses you.
You miss the goblin. You slash the hobgoblin!
You kill the hobgoblin!
You block the goblin's attack.
Robin says, "Duck!"
Robin roars a battlecry!
The goblins go into a battle-frenzy!
The goblin hits you with a +0 dagger.
You barely miss Robin. You slash the goblin!
You kill the goblin!
Robin hits you with a +2 whip of electrocution.
You barely miss Robin.
Robin hits you with a +2 whip of electrocution.
You barely miss Robin. Robin hits you but does no damage.
You are electrocuted!
* * * LOW HITPOINT WARNING * * *
Robin closely misses you.
You barely miss Robin.
Robin hits you with a +2 whip of electrocution.
* * * LOW HITPOINT WARNING * * *
You barely miss Robin.
Robin hits you with a +2 whip of electrocution.
* * * LOW HITPOINT WARNING * * *
You hit Robin but do no damage. You block Robin's attack.
Robin barely misses you.
You closely miss Robin. Robin barely misses you.
You hit Robin.
Robin is heavily wounded.
Robin hits you with a +2 whip of electrocution.
* * * LOW HITPOINT WARNING * * *
You barely miss Robin.
Robin is heavily wounded.
The hobgoblin no longer looks unusually strong.
Robin hits you with a +2 whip of electrocution.
* * * LOW HITPOINT WARNING * * *
You block Robin's attack.
You closely miss Robin.
Robin is heavily wounded.
Robin hits you with a +2 whip of electrocution.
You die...

#......# #.# #......#
#.# #†.....# #.#
#......# #.# #......#
#.# #......# #.#
#......# #.# #......#
#)# #####......# #@#
## #.......#### #g# #.
#.#######.......gS...#
.. #.# ..........###
.. #.# ..........# .#
#.# .....)....# #.#
..........# #.#
..........# #.#
..........#


You could see Robin, a hobgoblin and a ball python.

Vanquished Creatures
  A worm (D:2)
  An endoplasm (D:2)
  A giant cockroach (D:2)
  12 goblins
  5 hobgoblins
  3 jackals (D:1)
  4 kobolds (D:1)
  A quokka (D:2)
  A ball python (D:1)
  8 bats (D:1)
  3 frilled lizards (D:1)
  4 rats
44 creatures vanquished.

Notes
Turn   | Place    | Note
-------+----------+-------------------------------------------
     0 | D:1      | Dawnplanks the Hill Orc Fighter began the quest for the
                  | Orb.
     0 | D:1      | Reached XP level 1. HP: 19/19 MP: 1/1
    26 | D:1      | You fall into a shaft and drop 1 floor!
   117 | D:1      | Reached XP level 2. HP: 23/27 MP: 2/2
   208 | D:1      | Reached skill level 4 in Fighting
   364 | D:1      | Reached XP level 3. HP: 33/33 MP: 3/3
   878 | D:2      | Noticed Robin
   904 | D:2      | Slain by Robin

Illustrated notes

Levels and vault maps discovered:
D:1:      dpeg_arrival_ternary, layout_basic
D:2:      layout_basic, serial_curves, eino_curves_04, eino_curves_02,
          uniq_robin

Skill      XL: |  1  2 |
---------------+-------+-----
Fighting       | 4 |  4.1
Axes           | 3 |  3.8
Armour         | |  3.6
Dodging        | |  0.2
Shields        | |  3.8

Action                     || total
---------------------------++-------
  Melee: War axe           ||   132
 Armour: Scale mail        ||    69
  Dodge: Dodged            ||    76
  Block: Buckler           ||    38

Table legend: (Time is in decaauts)
 A = Elapsed time spent in this place.
 B = Non-inter-level travel time spent in this place.
 C = Inter-level travel time spent in this place.
 D = Time resting spent in this place.
 E = Time spent auto-exploring this place.
 F = Levels seen in this place.
 G = Mean time per level.
                   A        B        C        D        E       F      G
               +--------+--------+--------+--------+--------+-----+--------+
         Total |    953 |    915 |     38 |     27 |    594 |   2 |  476.5 |
       Dungeon |    953 |    915 |     38 |     27 |    594 |   2 |  476.5 |
               +--------+--------+--------+--------+--------+-----+--------+

Top non-repeatable levels by time:
     D:1: 559 daAuts
     D:2: 393 daAuts
